 Dungeon Crawl Stone Soup version 0.26-a0-1079-g3a4175ecf3 (webtiles) character file.

Game seed: 2483983930711914511

448 KristoblXynda the Slasher (level 6, -6/53 HPs)
             Began as a Draconian Gladiator on Dec 14, 2020.
             Mangled by a centaur (10 damage)
             ... on level 4 of the Dungeon.
             The game lasted 00:05:19 (3903 turns).

KristoblXynda the Slasher (Draconian Gladiator)     Turns: 3903, Time: 00:05:19

Health: -6/53      AC:  2    Str: 17    XL:     6   Next: 73%
Magic:  6/6        EV: 14    Int: 10    God:
Gold:   168        SH:  5    Dex: 12    Spells: 5/5 levels left

rFire    . . .     SeeInvis +   a - +0 long sword
rCold    . . .     Faith    .   (no shield)
rNeg     . . .     Spirit   .   (armour unavailable)
rPois    .         Reflect  +   b - +0 hat
rElec    .         Harm     .   (no cloak)
rCorr    .         Rampage  .   (no gloves)
Will     .....                  (no boots)
Stlth    +.........             s - amulet of reflection
HPRegen  0.17/turn              v - ring of see invisible
MPRegen  0.10/turn              t - +4 ring of protection

@: corroded
A: unfitting armour, cold-blooded, AC +6
a: no special abilities


You were on level 4 of the Dungeon.
You visited 1 branch of the dungeon, and saw 4 of its levels.

You collected 168 gold pieces.

Inventory:

Hand Weapons
 a - a +0 long sword (weapon)
Missiles
 c - 3 throwing nets (quivered)
Armour
 b - a +0 hat (worn)
Jewellery
 n - an uncursed ring of magical power
 s - an amulet of reflection (around neck)
 t - a +4 ring of protection (right hand)
 v - a ring of see invisible (left hand)
 x - an uncursed amulet of the acrobat
Scrolls
 d - a scroll of noise {unknown}
 i - a scroll of remove curse {unknown}
 k - a scroll of fog {unknown}
 l - a scroll of enchant weapon {unknown}
 m - 5 scrolls of identify {unknown}
 o - a scroll of random uselessness {unknown}
 p - a scroll of blinking {unknown}
 r - 2 scrolls of enchant armour {unknown}
 u - a scroll of teleportation {unknown}
Potions
 e - 3 potions of curing {unknown}
 f - a potion of might {unknown}
 g - 3 potions of berserk rage {unknown}
 h - a potion of haste {unknown}
 j - 2 potions of lignification {unknown}
 q - a potion of mutation {unknown}
 w - a potion of attraction {unknown}


   Skills:
 + Level 4.4 Fighting
 * Level 5.7 Long Blades
 - Level 2.0 Throwing
 + Level 4.1 Dodging


You had 5 spell levels left.
You didn't know any spells.
Your spell library was empty.

Dungeon Overview and Level Annotations

Branches:
Dungeon (4/15)
 Temple: D:4-7

Altars:
Dithmenos
Sif Muna


Innate Abilities, Weirdness & Mutations

Your plain brown scales are hard. (AC +6)
You cannot fit into any form of body armour.
You are cold-blooded and may be slowed by cold attacks.


Message History

Items here: ) [ ††.
You start resting.
A centaur comes into view. It is carrying a wand of acid (8).
There is a stone staircase leading up, spattered with blood here.
You climb upwards.
There is a stone staircase leading down here.
You start resting.
HP restored.
You climb downwards.
There is a stone staircase leading up, spattered with blood here.
Items here: ) [ ††.
The centaur shouts!
The centaur zaps a wand.
The bolt of acid hits you! The acid corrodes you!
You are splashed with acid!
The centaur closely misses you.
You hit the centaur but do no damage.
The centaur zaps a wand.
The bolt of acid hits you! The acid corrodes you!
You are splashed with acid!
* * * LOW HITPOINT WARNING * * *
You hit the centaur but do no damage. The centaur hits you!
You die...

#...############
+...'..........#
#...#..........#
#...#..........#
#...#..........#
#...####'#######
#...# #.# #..c#
#.# #..@####.#
#........#
#....###.#
####.# ### #.#
#[# #<# ###


You could see a centaur.

Vanquished Creatures
  A sky beast (D:4)
  A phantom (D:4)
  A bullfrog zombie (D:3)
  Jessica (D:2)
  An iguana (D:4)
  A worker ant (D:2)
  4 adders (D:2)
  An ufetubus (D:4)
  6 worms
  2 dart slugs (D:2)
  3 leopard geckos
  3 orcs
  7 giant cockroaches
  16 hobgoblins
  9 jackals
  8 kobolds
  A quokka (D:2)
  5 bats
  4 frilled lizards
  10 goblins
  6 rats
91 creatures vanquished.

Notes
Turn   | Place    | Note
-------+----------+-------------------------------------------
     0 | D:1      | KristoblXynda the Draconian Gladiator began the quest for
                  | the Orb.
     0 | D:1      | Reached XP level 1. HP: 17/17 MP: 1/1
   246 | D:1      | Reached XP level 2. HP: 21/25 MP: 2/2
   805 | D:1      | Reached XP level 3. HP: 30/30 MP: 3/3
  1246 | D:2      | Found a shadowy altar of Dithmenos.
  1429 | D:2      | Reached skill level 4 in Long Blades
  1445 | D:2      | Reached XP level 4. HP: 32/38 MP: 4/4
  1449 | D:2      | Noticed Jessica
  1457 | D:2      | Killed Jessica
  1888 | D:2      | Found a shimmering blue altar of Sif Muna.
  2129 | D:2      | Reached XP level 5. HP: 32/45 MP: 5/5
  3282 | D:3      | Reached skill level 5 in Long Blades
  3489 | D:4      | Noticed a phantom
  3528 | D:4      | Killed a phantom
  3529 | D:4      | Reached XP level 6. HP: 30/52 MP: 6/6
  3676 | D:4      | Noticed a sky beast
  3715 | D:4      | Killed a sky beast
  3903 | D:4      | Mangled by a centaur

Illustrated notes

Levels and vault maps discovered:
D:1:      nzn_arrival_water_spiral, layout_loops_ring
D:2:      layout_loops_ring, nicolae_overflow_crystal_walls,
          lemuel_blue_sif_altar, minmay_misc_feat_secret_circle, uniq_jessica
D:3:      layout_basic, minmay_goblin_outpost
D:4:      layout_basic, trog_three_pillars_becter, uniq_duvessa

Skill      XL: |  1  2  3  4  5  6 |
---------------+-------------------+-----
Throwing       | 2 |  2.0
Dodging        | 3 4 |  4.1
Fighting       | 3 4 |  4.4
Long Blades    | 4 5 |  5.7

Action                   |  1- 3 |  4- 6 || total
-------------------------+-------+-------++-------
Melee: Long sword        |   113 |   180 ||   293
       Tailslap          |    12 |    28 ||    40
 Stab: Sleeping          |     2 |     1 ||     3
Armor: Skin              |    33 |    66 ||    99
Dodge: Dodged            |    97 |   118 ||   215
Block: Other             |       |    18 ||    18
       Reflection        |       |     1 ||     1
       Rpst.: Long sword |    36 |    35 ||    71

Table legend: (Time is in decaauts)
 A = Elapsed time spent in this place.
 B = Non-inter-level travel time spent in this place.
 C = Inter-level travel time spent in this place.
 D = Time resting spent in this place.
 E = Time spent auto-exploring this place.
 F = Levels seen in this place.
 G = Mean time per level.
                   A        B        C        D        E       F      G
               +--------+--------+--------+--------+--------+-----+--------+
         Total |   3961 |   3908 |     53 |    712 |   2352 |   4 |  990.2 |
       Dungeon |   3961 |   3908 |     53 |    712 |   2352 |   4 |  990.2 |
               +--------+--------+--------+--------+--------+-----+--------+

Top non-repeatable levels by time:
     D:2: 1280 daAuts
     D:1: 1261 daAuts
     D:3: 1079 daAuts
     D:4: 340 daAuts
